AoeStats
← MoltoBenny

Pilgrims

508121298Analyzed
3v3 RM · 12d ago on Sep 21, 2026· 40m 59s· 6 players
Game mode
Random Map
Map size
Normal (6 player)
Population
200
Speed
Normal
Resources
Standard
Victory
Conquest
Starting age
Dark Age
Ending age
Imperial Age
RankedLock teamsTeams togetherTeam positionsShared explorationLock speedFull tech treeHidden civsTurbo modeCheats
Victory
Defeat
🇦🇷 Portuguese · Argentina
1087
+14
🇦🇷 Vikings · Argentina
1052
+15
🇦🇷 Persians · Argentina
1028
+16
🇺🇸 Italians · United States
1100
-18
🇺🇸 Malay · United States
1020
-14
🇺🇸 Magyars · United States
987
-13
MoltoBenny
6:32 Loom
12:33 Feudal Age
13:05 Town Watch
14:14 Wheelbarrow
13:27 Man-at-Arms
14:30 Double-Bit Axe
16:15 Scale Mail Armor
17:13 Gold Mining
22:13 Horse Collar
23:31 Bloodlines
26:04 Arson
28:23 Castle Age
28:26 Pikeman
29:40 Scale Barding Armor
29:54 Chain Mail Armor
29:49 Town Patrol
31:06 Chain Barding Armor
32:09 Husbandry
35:07 Heavy Plow
LactoseTolerant
10:59 Feudal Age
9:14 Loom
13:50 Double-Bit Axe
18:49 Horse Collar
19:50 Fletching
25:06 Castle Age
24:44 Stone Mining
24:44 Gold Mining
25:43 Bodkin Arrow
25:56 Heavy Plow
29:37 Crossbowman
33:22 Ballistics
34:19 Thumb Ring
36:05 Padded Archer Armor
41:04 Imperial Age
elf
5:16 Loom
12:46 Feudal Age
14:55 Double-Bit Axe
16:48 Wheelbarrow
23:51 Castle Age
22:09 Horse Collar
23:45 Bow Saw
24:07 Fletching
26:05 Hand Cart
31:51 Town Watch
34:30 Town Patrol
37:01 Imperial Age
37:07 Medium Warships
PEPO
12:37 Feudal Age
10:53 Loom
13:43 Fishing Lines
14:09 Double-Bit Axe
15:40 Fletching
24:58 Castle Age
25:55 Bodkin Arrow
26:14 Medium Warships
26:35 Gillnets
27:08 Stone Mining
27:08 Gold Mining
31:43 Imperial Age
30:58 Forging
30:48 Scale Mail Armor
32:18 Iron Casting
31:41 Gambesons
31:42 Arson
33:18 Chain Mail Armor
33:48 Heavy Warships
34:26 Conscription
34:11 Chieftains
34:53 Bow Saw
34:15 Capped Ram
35:56 Plate Mail Armor
36:21 Siege Ram
38:38 Blast Furnace
38:53 Elite Berserk
40:36 Squires
AGGM
14:11 Feudal Age
15:05 Loom
22:36 Castle Age
21:18 Fishing Lines
29:28 Bloodlines
30:18 Wheelbarrow
31:01 Gillnets
37:13 Imperial Age
36:18 Hand Cart
37:06 Double-Bit Axe
40:07 Gold Mining
Tuxilion
4:39 Loom
13:17 Feudal Age
14:22 Double-Bit Axe
23:41 Castle Age
21:36 Fletching
23:05 Fishing Lines
24:40 Padded Archer Armor
25:44 Bow Saw
27:33 Circumnavigation
30:09 Imperial Age
29:17 Bodkin Arrow
32:57 Chemistry
32:44 Conscription
33:16 Arquebus
34:14 Wheelbarrow
34:13 Ballistics
37:50 Leather Archer Armor
39:25 Elite Organ Gun
Connection lost

Rejoining the realm…

Still unreachable

The connection could not be restored.

Session expired

The server has moved on; the page needs a fresh start.